 Dungeon Crawl Stone Soup version 0.26-a0-712-ga5a9c9c9d0 (webtiles) character file.

Game seed: 1425833577924228601

95 strifetoe the Conjurer (level 4, 0/24 HPs)
             Began as a Gargoyle Hedge Wizard on Nov 1, 2020.
             Killed by divine providence
             ... invoked by an orc priest
              (17 damage)
             ... on level 2 of the Dungeon.
             The game lasted 00:03:49 (2861 turns).

strifetoe the Conjurer (Gargoyle Hedge Wizard)      Turns: 2861, Time: 00:03:50

Health: 0/24       AC:  5    Str: 13    XL:     4   Next: 65%
Magic:  0/8        EV: 12    Int: 16    God:
Gold:   65         SH:  0    Dex:  9    Spells: 3/9 levels left

rFire    . . .     SeeInvis .   h - +0 short sword
rCold    . . .     Faith    .   (no shield)
rNeg     + . .     Spirit   .   b - +0 robe
rPois    ∞         Reflect  .   c - +0 hat
rElec    +         Harm     .   (no cloak)
rCorr    .         Rampage  .   (no gloves)
MR       .....                  (no boots)
Stlth    ++........             (no amulet)
HPRegen  0.08/turn              (no ring)
MPRegen  0.11/turn              (no ring)

@: no status effects
A: negative energy resistance 1, electricity resistance, unbreathing,
petrification resistance, rot immunity, AC +3
a: no special abilities


You were on level 2 of the Dungeon.
You visited 1 branch of the dungeon, and saw 2 of its levels.

You collected 65 gold pieces.

Inventory:

Hand Weapons
 a - a +0 dagger
 h - a +0 short sword (weapon)
Armour
 b - a +0 robe (worn)
 c - a +0 hat (worn)
Scrolls
 d - a scroll of noise {unknown}
 g - 3 scrolls of identify {unknown}
 j - 2 scrolls of magic mapping {unknown}
Potions
 e - a potion of cancellation {unknown}
 f - 2 potions of mutation {unknown}
 i - a potion of might {unknown}
 k - a potion of heal wounds {unknown}


   Skills:
 - Level 1.5 Dodging
 - Level 2.1 Stealth
 - Level 3.0 Spellcasting
 - Level 4.0 Conjurations
 - Level 1.1 Summonings
   Level 0.8 Translocations
 + Level 1.8 Poison Magic


You had 3 spell levels left.
You knew the following spells:

 Your Spells              Type           Power        Failure   Level
a - Magic Dart            Conj           ###.         3%          1
b - Call Imp              Summ           #.......     19%         2
c - Mephitic Cloud        Conj/Pois/Air  #.......     26%         3

Your spell library contained the following spells:

 Spells                   Type           Power        Failure   Level
 Blink                    Tloc           N/A          21%         2
 Conjure Flame            Conj/Fire      #.......     24%         3
 Slow                     Hex            #.......     28%         2


Dungeon Overview and Level Annotations

Branches:
Dungeon (2/15)

Altars:
Yredelemnul


Innate Abilities, Weirdness & Mutations

You are resistant to torment.
Your stone body is resilient. (AC +3)
You are immune to poison.
You resist negative energy. (rN+)
You are resistant to electric shocks. (rElec)
You can survive without breathing.
You are immune to petrification.
You are immune to rotting.


Message History

The orc wizard casts a spell.
The orc wizard flickers and vanishes!
Deactivating autopickup; reactivate with Ctrl-A.
The adder bites you but does no damage. The adder closely misses you.
Your magical contamination has completely faded away.
The adder bites you. The adder bites you but does no damage.
Casting: Call Imp (safe; 19% risk of failure)
Confirm with . or Enter, or press ? or * to list all spells.
A beastly little devil appears in a puff of flame.
The adder closely misses you. The adder barely misses you.
You swap places.
The adder closely misses your crimson imp.
Your crimson imp blinks!
The orc priest mumbles some strange prayers to Beogh against you.
Beogh smites you!
Ouch! That really hurt!
You die...

#......# #....##8.. ##
#.#.##.# ###### #8 #.#.##.#
######### #.#..#.# #.#.##..# #
#.##.#.# #.#.....# # #.##.#.#
#.#.#...# # #......####
#......>####
####......#############.......
######....@.S.{..o5........
################...... #......
#{..... #...... ##......
#.....#. #.#####. ##o#####.


You could see an orc priest and an adder.

Vanquished Creatures
  5 adders (D:2)
  4 worms (D:2)
  3 dart slugs
  2 leopard geckos
  An orc (D:2)
  3 giant cockroaches (D:1)
  2 goblins
  2 hobgoblins (D:2)
  3 jackals
  A ball python (D:2)
  4 bats
  2 frilled lizards (D:1)
  A kobold (D:2)
33 creatures vanquished.

Notes
Turn   | Place    | Note
-------+----------+-------------------------------------------
     0 | D:1      | strifetoe the Gargoyle Hedge Wizard began the quest for the
                  | Orb.
     0 | D:1      | Reached XP level 1. HP: 10/10 MP: 4/4
   345 | D:1      | Reached skill level 2 in Conjurations
   398 | D:1      | Reached XP level 2. HP: 15/15 MP: 3/6
  1237 | D:2      | Reached skill level 3 in Conjurations
  1381 | D:2      | Reached XP level 3. HP: 17/19 MP: 0/7
  2025 | D:2      | Reached skill level 4 in Conjurations
  2187 | D:2      | Learned a level 2 spell: Call Imp
  2191 | D:2      | Learned a level 3 spell: Mephitic Cloud
  2242 | D:2      | Reached skill level 1 in Summonings
  2242 | D:2      | Reached XP level 4. HP: 18/24 MP: 4/8
  2329 | D:2      | Reached skill level 1 in Poison Magic
  2420 | D:2      | Found a basalt altar of Yredelemnul.
  2861 | D:2      | Killed from afar by an orc priest

Illustrated notes

Levels and vault maps discovered:
D:1:      sevenhm_arrival_forest_fort_large_4, layout_loops_ring
D:2:      layout_loops_cross, nicolae_overflow_hidden_temple,
          hangedman_feature_mirror, minmay_misc_feat_roman

Skill      XL: |  1  2  3  4 |
---------------+-------------+-----
Conjurations   | 2 3 4 |  4.0
Summonings     | 1 |  1.1
Poison Magic   | 1 |  1.8
Dodging        | |  1.5
Stealth        | |  2.1
Spellcasting   | |  3.0
Translocations | |  0.8

Action                   |  1- 3 |  4- 6 || total
-------------------------+-------+-------++-------
Melee: Dagger            |    19 |       ||    19
       Short sword       |    17 |    15 ||    32
 Cast: Magic Dart        |    76 |    26 ||   102
       Call Imp          |       |     3 ||     3
       Mephitic Cloud    |       |     1 ||     1
Armor: Robe              |     7 |     5 ||    12
Dodge: Dodged            |    45 |    18 ||    63

Table legend: (Time is in decaauts)
 A = Elapsed time spent in this place.
 B = Non-inter-level travel time spent in this place.
 C = Inter-level travel time spent in this place.
 D = Time resting spent in this place.
 E = Time spent auto-exploring this place.
 F = Levels seen in this place.
 G = Mean time per level.
                   A        B        C        D        E       F      G
               +--------+--------+--------+--------+--------+-----+--------+
         Total |   2866 |   2797 |     69 |   1079 |   1340 |   2 | 1433.0 |
       Dungeon |   2866 |   2797 |     69 |   1079 |   1340 |   2 | 1433.0 |
               +--------+--------+--------+--------+--------+-----+--------+

Top non-repeatable levels by time:
     D:1: 1562 daAuts
     D:2: 1304 daAuts
